Map: Heavy Artillery LE

Players

Impi

  • Race: Terran Terran
  • Spawn Location: 7:00

Barcode

  • Race: Protoss Protoss
  • Spawn Location: 7:00

qqq

  • Race: Zerg Zerg
  • League: Platinum
  • Spawn Location: 1:00

Massa

  • Race: Terran Terran
  • League: Platinum
  • Spawn Location: 3:00

VOD

Have the link to the VOD?

Description

Time

  • Played on: Dec. 7, 2020, 1:28 p.m.
  • Length: 14:03
Show
View Real Time Build Order
Export as new Build Order

Impi Terran 

Build Orders: 2 Factory, Mech 

Get SALT Encoding   

  12  0:01  SCV  
  13  0:13  SCV  
  14  0:21  Supply Depot  
  14  0:25  SCV  
  15  0:30  Refinery  
  15  0:44  Barracks  
  15  0:46  SCV  
  16  0:58  SCV  
  17  1:10  SCV  
  18  1:22  SCV  
  19  1:31  Marine  
  20  1:35  Factory  
  20  1:39  Orbital Command  
  20  1:49  Marine, Supply Depot  
  21  2:06  SCV  
  21  2:07  Marine  
  23  2:14  Command Center  
  23  2:18  SCV, Factory Tech Lab  
  25  2:31  SCV  
  25  2:35  Refinery  
  25  2:42  Siege Tank  
  28  2:45  SCV  
  28  2:49  Supply Depot  
  29  2:57  SCV  
  30  3:06  Factory  
  30  3:17  SCV  
  31  3:27  Orbital Command  
  31  3:29  SCV  
  31  3:30  Engineering Bay  
  32  3:41  SCV  
  32  3:43  Orbital Command  
  32  3:45  Siege Tank  
  36  3:53  SCV  
  37  3:57  Factory Reactor  
  37  4:05  SCV, Supply Depot  
  36  4:16  Marine  
  36  4:17  SCV  
  36  4:19  SCV  
  36  4:22  Siege Tank  
  41  4:29  SCV  
  41  4:31  SCV  
  38  4:37  Bunker  
  38  4:42  SCV  
  38  4:43  SCV  
  40  4:48  Hellion  
  40  4:50  Hellion  
  44  4:54  SCV, Siege Tank  
  44  4:55  SCV  
  49  5:03  Armory  
  49  5:06  Missile Turret  
  49  5:07  SCV  
  50  5:14  Hellion  
  50  5:15  Hellion  
  50  5:16  SCV  
  50  5:19  SCV, Supply Depot  
  56  5:24  Supply Depot  
  56  5:28  SCV, Armory  
  56  5:32  SCV  
  58  5:40  Refinery x2, SCV, Siege Tank  
  62  5:45  Infernal Pre-Igniter  
  62  5:47  SCV  
  63  5:52  Supply Depot  
  63  5:53  Hellion x2  
  63  5:57  SCV  
  68  6:00  Factory  
  68  6:09  Supply Depot  
  68  6:10  SCV  
  69  6:11  Supply Depot  
  69  6:12  Terran Vehicle Weapons Level 1  
  69  6:19  SCV  
  69  6:22  SCV  
  69  6:24  Command Center  
  71  6:28  Missile Turret  
  71  6:31  SCV  
  72  6:36  Terran Vehicle And Ship Armor Level 1  
  72  6:47  Supply Depot  
  71  7:00  SCV  
  72  7:06  Factory Tech Lab  
  72  7:08  SCV  
  72  7:09  Factory  
  72  7:12  SCV, Supply Depot x2  
  74  7:25  Siege Tank  
  74  7:26  Siege Tank  
  74  7:27  SCV  
  74  7:28  SCV  
  82  7:30  Hellion  
  82  7:31  Hellion  
  82  7:34  Supply Depot  
  82  7:35  Supply Depot  
  87  7:38  Orbital Command  
  87  7:39  SCV  
  87  7:40  SCV, Smart Servos  
  88  7:51  SCV  
  88  7:54  Factory Tech Lab  
  92  7:58  Siege Tank  
  92  8:00  Starport, Siege Tank  
  95  8:18  Sensor Tower  
  95  8:24  Orbital Command  
  95  8:28  Siege Tank  
  95  8:29  Hellion  
  95  8:30  Hellion, Thor  
  95  8:32  SCV x2  
  110  8:37  Refinery x2  
  110  8:44  SCV x2  
  110  8:47  Terran Vehicle Weapons Level 2  
  112  8:51  Missile Turret  
  112  8:59  Terran Vehicle And Ship Armor Level 2  
  112  9:01  SCV  
  113  9:05  Hellion x6, Missile Turret  
  113  9:06  Missile Turret  
  113  9:08  SCV  
  114  9:18  Siege Tank  
  114  9:19  Siege Tank  
  114  9:21  Hellion  
  122  9:32  SCV x2  
  122  9:33  Starport Tech Lab  
  122  9:35  Hellion x10, Supply Depot  
  124  9:44  Siege Tank  
  127  9:49  SCV  
  127  9:50  Factory  
  127  9:51  Supply Depot  
  127  9:52  Factory, Supply Depot  
  128  10:16  Command Center  
  128  10:23  Siege Tank  
  128  10:24  Thor  
  128  10:25  Raven  
  139  10:29  Sensor Tower  
  139  10:32  SCV  
  140  10:42  Refinery  
  140  10:43  Missile Turret  
  140  10:45  Refinery, Missile Turret  
  140  10:47  SCV x3  
  143  11:03  Thor x2  
  155  11:12  Thor  
  155  11:14  Raven  
  163  11:25  Missile Turret x2  
  163  11:31  Factory Tech Lab x2  
  163  11:46  Siege Tank  
  166  12:09  Thor, Siege Tank x3  
  166  12:12  Hellion x2  
  185  12:17  Planetary Fortress  
  185  12:18  Hellion  
  185  12:22  Command Center  
  187  12:26  SCV x2  
  189  12:36  Drilling Claws  
  189  12:54  Raven  
  191  13:15  Siege Tank  
  191  13:33  Hellion  
  191  13:34  Hellion x2  
Show
View Real Time Build Order
Export as new Build Order

Barcode Protoss 

Build Orders: Oracle Opening, Phoenix Opening, Carriers 

Get SALT Encoding   

  12  0:00  Probe  
  13  0:12  Probe  
  14  0:19  Pylon  
  14  0:25  Probe  
  15  0:37  Probe  
  15  0:40  Gateway  
  16  0:47  Assimilator  
  16  0:50  Assimilator  
  16  0:54  Probe (Chrono Boost)  
  17  1:04  Probe (Chrono Boost)  
  18  1:14  Pylon  
  18  1:17  Probe (Chrono Boost)  
  20  1:26  Probe (Chrono Boost)  
  20  1:31  Probe (Chrono Boost)  
  20  1:32  Cybernetics Core  
  21  1:43  Probe  
  22  1:55  Probe  
  23  2:12  Stalker  
  25  2:17  Stargate  
  25  2:24  Stargate  
  25  2:29  Probe  
  25  2:41  Probe  
  26  2:49  Nexus  
  26  2:51  Pylon  
  26  2:55  Probe  
  30  3:10  Oracle (Chrono Boost)  
  30  3:15  Oracle (Chrono Boost)  
  30  3:19  Probe  
  34  3:27  Pylon  
  34  3:31  Probe  
  35  3:43  Phoenix  
  37  3:54  Probe  
  37  3:55  Phoenix  
  40  4:00  Assimilator  
  40  4:03  Probe  
  40  4:04  Assimilator  
  40  4:06  Probe  
  42  4:15  Probe  
  43  4:18  Probe  
  41  4:32  Void Ray (Chrono Boost)  
  41  4:40  Void Ray (Chrono Boost)  
  45  4:47  Probe x2  
  51  4:56  Pylon  
  51  4:59  Probe x2  
  53  5:11  Probe x2  
  53  5:14  Phoenix, Pylon  
  55  5:16  Phoenix  
  55  5:17  Pylon  
  59  5:23  Probe x2  
  61  5:34  Fleet Beacon  
  61  5:51  Protoss Air Weapons Level 1 (Chrono Boost)  
  61  5:57  Phoenix x2  
  61  5:58  Probe  
  61  5:59  Probe  
  61  6:02  Forge  
  65  6:18  Nexus  
  65  6:21  Pylon  
  65  6:23  Probe x2, Pylon  
  67  6:26  Pylon  
  67  6:28  Phoenix  
  69  6:33  Phoenix  
  71  6:42  Probe x2  
  73  6:54  Probe x2  
  75  7:06  Probe  
  76  7:11  Probe  
  77  7:17  Cybernetics Core  
  77  7:18  Probe  
  78  7:23  Probe  
  79  7:31  Probe  
  80  7:40  Photon Cannon  
  80  7:41  Anion Pulse-Crystals  
  80  7:42  Probe x2, Photon Cannon  
  80  7:43  Probe  
  83  7:45  Assimilator  
  83  7:47  Assimilator  
  83  7:49  Photon Cannon  
  83  7:52  Photon Cannon, Phoenix x2  
  83  7:54  Probe x2, Shield Battery  
  83  7:55  Probe  
  83  7:56  Shield Battery  
  90  8:06  Stargate  
  90  8:07  Protoss Air Weapons Level 2 (Chrono Boost)  
  90  8:08  Stargate  
  90  8:09  Pylon  
  90  8:10  Pylon  
  90  8:17  Void Ray, Protoss Air Armor Level 1 (Chrono Boost)  
  90  8:18  Void Ray  
  98  8:36  Probe  
  98  8:37  Probe x2  
  101  8:45  Flux Vanes  
  101  8:48  Probe  
  101  8:50  Carrier  
  101  8:51  Nexus  
  101  8:52  Pylon  
  108  9:12  Carrier x2  
  118  9:20  Probe x3  
  121  9:25  Photon Cannon, Pylon  
  121  9:28  Photon Cannon  
  121  9:29  Shield Battery  
  121  9:31  Shield Battery  
  121  9:32  Probe x3  
  124  9:40  Carrier  
  130  9:46  Assimilator  
  130  9:50  Assimilator  
  130  9:54  Pylon  
  130  9:57  Pylon  
  130  10:03  Protoss Air Armor Level 2 (Chrono Boost)  
  130  10:12  Carrier, Protoss Air Weapons Level 3 (Chrono Boost)  
  136  10:22  Carrier (Chrono Boost)  
  142  10:29  Stargate  
  142  10:35  Stargate  
  142  10:38  Pylon  
  142  10:39  Pylon  
  142  10:46  Carrier (Chrono Boost)  
  142  10:47  Void Ray (Chrono Boost)  
  152  11:16  Void Ray (Chrono Boost)  
  154  11:23  Carrier (Chrono Boost)  
  166  11:35  Carrier (Chrono Boost)  
  166  11:37  Carrier (Chrono Boost)  
  172  11:45  Carrier (Chrono Boost)  
  178  12:00  Carrier (Chrono Boost)  
  190  12:15  Carrier (Chrono Boost)  
  190  12:31  Carrier (Chrono Boost)  
  190  12:32  Void Ray (Chrono Boost)  
Show
View Real Time Build Order
Export as new Build Order

qqq Zerg 

Build Orders: Hatch First 

Get SALT Encoding   

  12  0:01  Drone  
  13  0:14  Drone  
  14  0:22  Overlord  
  14  0:47  Hatchery  
  13  0:51  Drone  
  13  0:52  Drone  
  15  1:00  Drone  
  16  1:17  Spawning Pool  
  15  1:20  Drone, Extractor  
  15  1:23  Drone  
  16  1:27  Drone  
  17  1:42  Drone  
  17  1:46  Drone  
  19  2:03  Drone  
  19  2:04  Drone  
  19  2:06  Queen  
  19  2:07  Queen  
  25  2:17  Overlord  
  25  2:19  Drone  
  25  2:22  Drone  
  27  2:27  Zergling x2  
  28  2:39  Metabolic Boost  
  28  2:42  Drone  
  28  2:43  Queen  
  31  2:45  Zergling x2  
  32  2:54  Zergling x4  
  34  3:03  Zergling x2  
  35  3:06  Drone  
  35  3:07  Overlord  
  36  3:23  Hatchery  
  36  3:24  Lair  
  35  3:37  Zergling x2  
  35  3:38  Zergling x4  
  38  3:46  Overlord  
  35  4:16  Zergling x6  
  35  4:17  Zergling x2  
  31  4:29  Queen  
  31  4:30  Drone x6  
  30  4:31  Spore Crawler  
  30  4:34  Spore Crawler  
  28  4:42  Drone  
  28  4:44  Drone  
  30  4:55  Drone x2  
  30  4:56  Drone  
  30  4:59  Drone  
  34  5:02  Drone  
  34  5:04  Queen  
  37  5:08  Drone  
  38  5:15  Drone  
  38  5:16  Infestation Pit  
  38  5:17  Drone  
  38  5:19  Drone  
  40  5:23  Drone  
  40  5:28  Evolution Chamber  
  40  5:33  Drone x2  
  42  5:38  Overlord  
  42  5:43  Overlord  
  42  5:47  Extractor x2  
  40  6:02  Overlord  
  40  6:03  Drone x4  
  40  6:04  Drone  
  45  6:12  Queen  
  45  6:16  Drone  
  45  6:17  Drone x4  
  52  6:19  Infestor  
  52  6:25  Drone x2, Extractor  
  55  6:39  Drone  
  56  6:40  Drone x3  
  59  6:48  Queen  
  61  7:04  Hatchery, Infestor  
  61  7:08  Pathogen Glands  
  62  7:15  Drone x3  
  64  7:17  Spore Crawler  
  64  7:24  Drone x3  
  61  7:32  Drone  
  62  7:42  Drone x4  
  62  7:43  Hatchery  
  65  7:46  Drone  
  66  7:54  Burrow  
  66  7:59  Overlord x5  
  66  8:00  Overlord  
  66  8:04  Neural Parasite  
  66  8:06  Spore Crawler  
  66  8:07  Zerg Ground Armor Level 1  
  65  8:18  Hydralisk Den  
  65  8:19  Drone x4  
  68  8:38  Infestor  
  68  8:40  Drone x2  
  68  8:41  Drone  
  73  8:51  Hydralisk  
  73  8:52  Hydralisk x3  
  81  9:00  Spore Crawler  
  76  9:06  Drone x2  
  76  9:08  Drone x3  
  81  9:20  Drone x5  
  81  9:21  Drone x3  
  91  9:29  Infestor x2  
  95  9:32  Hydralisk  
  95  9:33  Zergling x4  
  95  9:34  Extractor  
  95  9:35  Drone x3  
  95  9:36  Extractor  
  96  9:59  Infestor  
  94  10:01  Zergling x8  
  94  10:02  Drone x4  
  94  10:05  Zerg Melee Weapons Level 1  
  104  10:14  Spore Crawler  
  104  10:15  Spore Crawler  
  104  10:16  Spine Crawler  
  104  10:17  Spine Crawler  
  104  10:18  Drone x4  
  104  10:19  Spine Crawler  
  103  10:28  Hive  
  103  10:29  Hatchery  
  103  10:34  Evolution Chamber  
  101  10:40  Hydralisk x2  
  101  10:41  Hydralisk  
  101  10:42  Drone x4  
  111  10:46  Hatchery  
  108  11:18  Hydralisk x4  
  108  11:19  Hydralisk x2  
  120  11:29  Zerg Missile Weapons Level 1  
  120  11:30  Muscular Augments  
  120  11:46  Drone  
  121  11:54  Viper  
  121  11:56  Overlord x3  
  121  11:57  Overlord x2  
  121  11:58  Drone x2  
  121  11:59  Drone x6  
  132  12:25  Viper  
  132  12:27  Infestor x3  
  132  12:29  Drone x7  
  148  12:30  Drone x2  
  150  12:41  Grooved Spines  
  150  12:43  Infestor  
  152  12:55  Drone x2, Extractor  
  152  12:56  Extractor, Drone  
  152  12:57  Drone x5, Spore Crawler x2  
Show
View Real Time Build Order
Export as new Build Order

Massa Terran 

Build Orders:  

Get SALT Encoding   

  12  0:00  SCV  
  13  0:12  SCV  
  14  0:25  SCV, Supply Depot  
  15  0:31  Refinery  
  15  0:47  SCV  
  15  0:48  Barracks  
  16  0:59  SCV  
  17  1:11  SCV  
  18  1:23  SCV  
  19  1:35  SCV  
  19  1:39  Reaper  
  21  1:45  Command Center  
  21  1:51  Orbital Command  
  21  2:11  Marine  
  22  2:21  Supply Depot  
  22  2:23  Factory  
  22  2:26  SCV  
  23  2:32  Barracks Reactor  
  23  2:44  SCV, Supply Depot  
  23  2:50  Engineering Bay  
  24  2:56  SCV  
  24  3:15  Orbital Command  
  24  3:17  SCV  
  25  3:23  Marine x2  
  25  3:24  Factory Tech Lab  
  27  3:29  SCV  
  27  3:31  Starport  
  28  3:40  Command Center  
  28  3:42  Missile Turret  
  28  3:52  SCV  
  28  3:54  SCV  
  30  3:56  Barracks  
  30  3:59  Marine  
  30  4:02  Siege Tank  
  34  4:05  SCV  
  35  4:22  Refinery  
  35  4:23  Missile Turret  
  35  4:27  SCV, Missile Turret  
  35  4:28  SCV  
  37  4:38  Medivac  
  37  4:39  SCV  
  37  4:40  SCV  
  41  4:46  Barracks Tech Lab  
  41  4:51  Widow Mine, Marine  
  41  4:52  SCV x2, Marine  
  47  4:57  Refinery x2  
  47  5:04  SCV x2  
  49  5:09  Marine x2  
  49  5:10  Stimpack  
  49  5:13  Marauder  
  53  5:16  SCV x2  
  55  5:22  Starport Tech Lab  
  55  5:31  Barracks  
  55  5:33  Supply Depot  
  55  5:34  Supply Depot  
  55  5:36  SCV x2, Supply Depot  
  55  5:38  Orbital Command  
  57  5:43  Missile Turret  
  57  5:46  Missile Turret  
  57  5:48  SCV  
  59  5:50  SCV, Sensor Tower  
  59  6:00  SCV  
  59  6:01  Marauder, Marine x2  
  59  6:02  SCV  
  65  6:04  Raven  
  67  6:12  SCV  
  67  6:14  SCV  
  69  6:22  Marauder  
  69  6:25  SCV x2  
  73  6:26  SCV  
  73  6:31  Barracks Tech Lab, Marine  
  73  6:32  Marine  
  76  6:37  SCV x2  
  76  6:38  SCV  
  79  6:43  Marauder  
  81  6:47  Medivac  
  81  6:49  SCV, Marine  
  80  6:59  Marine  
  81  7:02  Cyclone  
  81  7:05  Marauder  
  81  7:07  Marine x2  
  83  7:12  SCV x3  
  86  7:17  Marine  
  86  7:21  Raven  
  89  7:23  Corvid Reactor  
  89  7:24  SCV x3  
  89  7:25  Marine, Terran Infantry Weapons Level 1  
  89  7:29  Armory  
  93  7:33  Supply Depot x2  
  93  7:35  Supply Depot x2  
  93  7:39  Command Center  
  93  7:48  Barracks  
  93  7:50  Barracks  
  93  7:52  Barracks  
  93  7:55  Marine x4  
  97  7:59  SCV x3  
  97  8:01  Barracks  
  97  8:03  Refinery  
  97  8:04  Combat Shield  
  100  8:05  Refinery  
  100  8:08  Concussive Shells  
  100  8:11  SCV x2, Raven  
  104  8:12  Marine  
  104  8:18  Engineering Bay  
  105  8:32  Marauder x2  
  105  8:33  Marine x2  
  111  8:41  Siege Tank  
  114  8:45  Barracks Reactor, Barracks Tech Lab  
  114  8:46  Barracks Tech Lab  
  114  8:50  Barracks Tech Lab, Marine  
  114  8:51  Marine  
  114  8:53  Marauder x2  
  118  9:13  Siege Tank  
  118  9:14  Marauder x2  
  125  9:24  SCV x3  
  125  9:29  Marauder  
  125  9:30  Marauder x2, Missile Turret  
  125  9:31  Marine x2  
  134  9:32  Marine  
  134  9:34  Raven  
  134  9:36  SCV  
  140  9:45  Terran Infantry Weapons Level 2  
  140  9:47  Terran Infantry Armor Level 1  
  140  9:52  Missile Turret  
  140  9:53  Supply Depot x2  
  140  10:00  Supply Depot  
  140  10:03  Supply Depot  
  140  10:07  Terran Vehicle Weapons Level 1  
  140  10:10  Planetary Fortress  
  140  10:14  Missile Turret  
  140  10:15  SCV x3, Marauder x5, Siege Tank  
  140  10:18  Supply Depot  
  156  10:22  Marine  
  156  10:25  Raven, Supply Depot  
  156  10:27  SCV x3  
  162  10:36  Marauder x5  
  162  10:39  SCV x3  
  162  10:42  Marine x3  
  175  10:43  Marine  
  175  10:48  Supply Depot  
  175  10:49  Refinery  
  179  10:51  SCV x3  
  179  10:52  Refinery  
  182  10:57  Command Center  
  182  10:58  Marauder x3  
  188  11:09  Missile Turret  
  188  11:10  SCV x3, Marauder x2  
  195  11:12  Supply Depot  
  195  11:15  Armory  
  195  11:22  Starport  
  195  11:29  Sensor Tower  
  195  11:33  Raven, Supply Depot  
  195  11:34  Marauder  
  195  11:35  Supply Depot x2  
  195  11:36  Supply Depot  
  199  11:41  Supply Depot  
  199  11:43  Supply Depot  
  199  11:55  Supply Depot  
  199  12:06  Terran Vehicle And Ship Armor Level 1  
  199  12:17  Planetary Fortress  
  199  12:22  Missile Turret  
  199  12:31  Barracks x2  
  199  12:32  Barracks  
  199  12:35  Barracks  
  199  12:41  Missile Turret  
  199  12:48  Ghost Academy  
  199  12:49  Ghost Academy  
  199  13:01  Missile Turret  
  199  13:19  Barracks  
  199  13:23  Factory, Missile Turret  
  199  13:24  Factory  
  199  13:32  Refinery, Marauder  
  199  13:35  Refinery  
  180  13:44  Missile Turret  
  110  13:55  Barracks Reactor, Barracks Tech Lab  
  110  13:56  Barracks Reactor, Barracks Tech Lab  
Tags
 
Add a new tag
Caveats
  • Supply blocks, unpowered buildings, or Contaminate may cause inaccurate times.
  • Supply counts are checked every 10 seconds.